 Dungeon Sprint DCSS version 0.17.2 (webtiles) character file.

49 rftp080 the Ruffian (level 3, -6/37 HPs)
             Began as a Troll Fighter on June 4, 2016.
             Was an Initiate of Cheibriados.
             Mangled by a hill giant
             ... wielding a +0 giant spiked club
              (41 damage)
             ... in the Dungeon (Sprint IX: "|||||||||||||||||||||||||||||").
             The game lasted 00:01:21 (118 turns).

rftp080 the Ruffian (Troll Fighter)                  Turns: 118, Time: 00:01:21

Health: -6/37      AC:  5    Str: 28    XL:     3   Next: 51%
Magic:  2/2        EV:  9    Int:  5    God:    Cheibriados [......]
Gold:   0          SH: 10    Dex: 14    Spells: 0 memorised, 2 levels left

rFire  . . .     SeeInvis .       - Unarmed
rCold  . . .     Clarity  .     a - +0 robe
rNeg   . . .     SustAt   .     b - +0 shield
rPois  .         Gourm    +     (helmet restricted)
rElec  .         Spirit   .     (no cloak)
rCorr  .         Warding  .     (gloves unavailable)
rMut   .         NoTele   +     (boots unavailable)
MR     .....                    (no amulet)
Stlth  +.........               r - +3 ring of dexterity
                                q - +3 ring of strength

@: very slow, not resistant to hostile enchantments, very unstealthy
A: unfitting armour, claws 3, fast metabolism 3, gourmand, regeneration 2,
shaggy fur 1, tough skin 2
a: Bend Time, Renounce Religion


You were in the Dungeon.
You worshipped Cheibriados.
Cheibriados was noncommittal.
You were very full.

You visited 1 branch

Inventory:

Armour
 a - a +0 robe (worn)
 b - a +0 shield (worn)
Magical Staves
 p - an uncursed staff of energy
Jewellery
 q - a +3 ring of strength (left claw)
 r - a +3 ring of dexterity (right claw)
Wands
 o - a wand of fire (7)
Scrolls
 j - 2 scrolls of blinking
 m - 3 scrolls of remove curse
 n - 2 scrolls of amnesia
Potions
 c - a potion of might
 e - 5 potions of curing
 f - 3 potions of heal wounds
 g - a potion of haste
 h - 4 potions of magic
 i - a potion of berserk rage
 l - a potion of invisibility
Comestibles
 d - 2 bread rations
 k - 5 chunks of flesh


   Skills:
 + Level 3.6 Fighting
 + Level 3.4 Dodging
 + Level 3.6 Shields
 * Level 4.6 Unarmed Combat


You had 2 spell levels left.
You didn't know any spells.

Dungeon Overview and Level Annotations

Branches:
Dungeon (1/1)

Altars:
Cheibriados
Dithmenos
Elyvilon
Fedhas
Gozag
Kikubaaqudgha
Makhleb
Nemelex Xobeh
Okawaru
Qazlal
Ru
Sif Muna
Trog
Vehumet
Xom
Yredelemnul
Zin
The Shining One
Beogh
Jiyva
Lugonu


Innate Abilities, Weirdness & Mutations

You are too large for most types of armour.
You have claws for hands.
Your metabolism is lightning-fast.
You like to eat raw meat.
You heal very quickly.
You are covered in fur (AC +1).
You have very tough skin (AC +2).


Message History

You feel agile.
r - a +3 ring of dexterity (right claw) Unknown command.
You open the door. 2 worker ants, 2 hill giants and 2 zombies come into view.
The hill giant shouts!
The worker ant twitches its antennae in your direction. x2
You scratch the hill giant.
The hill giant is lightly wounded.
You block the hill giant's attack.
You claw the hill giant!
The hill giant is moderately wounded.
The hill giant hits you with a giant spiked club.
You scratch the hill giant.
The hill giant is moderately wounded.
Your shield prevents you from hitting the hill giant.
The hill giant is moderately wounded.
The hill giant hits you with a giant spiked club!!!
Ouch! That really hurt!
You die...

▓.▓
▓a▓
▓C▓
▓a▓
▓Z▓
▓Z▓
▓C▓
▓@▓
▓.▓
▓[▓
▓[▓
▓[▓
▓)▓
▓.▓
▓.▓
▓.▓


You could see 2 hill giants, 2 worker ants, an adder zombie and a giant
cockroach zombie.

Vanquished Creatures
  A worker ant (D)
  A gnoll (D)
  An orc (D)
  A bat (D)
  A goblin (D)
  3 hobgoblins (D)
  A jackal (D)
  A quokka (D)
10 creatures vanquished.

Notes
Turn   | Place    | Note
--------------------------------------------------------------
     0 | D        | rftp080 the Troll Fighter began the quest for the Orb.
     0 | D        | Reached XP level 1. HP: 22/22 MP: 0/0
    45 | D        | Noticed a worker ant
    48 | D        | Reached skill level 3 in Fighting
    48 | D        | Reached XP level 2. HP: 29/31 MP: 1/1
    52 | D        | Killed a worker ant
    52 | D        | Reached skill level 4 in Unarmed Combat
    52 | D        | Reached XP level 3. HP: 32/37 MP: 2/2
    71 | D        | Found a glowing silver altar of Zin.
    71 | D        | Found a glowing golden altar of the Shining One.
    71 | D        | Found an ancient bone altar of Kikubaaqudgha.
    71 | D        | Found a basalt altar of Yredelemnul.
    71 | D        | Found a shimmering altar of Xom.
    71 | D        | Found a radiant altar of Vehumet.
    72 | D        | Found an iron altar of Okawaru.
    73 | D        | Found a burning altar of Makhleb.
    74 | D        | Found a deep blue altar of Sif Muna.
    75 | D        | Found a bloodstained altar of Trog.
    76 | D        | Found a sparkling altar of Nemelex Xobeh.
    77 | D        | Found a white marble altar of Elyvilon.
    78 | D        | Found a roughly hewn altar of Beogh.
    79 | D        | Found a viscous altar of Jiyva.
    80 | D        | Found a corrupted altar of Lugonu.
    81 | D        | Found a blossoming altar of Fedhas.
    82 | D        | Found a snail-covered altar of Cheibriados.
    83 | D        | Found a shadowy altar of Dithmenos.
    84 | D        | Found a stormy altar of Qazlal.
    85 | D        | Found an opulent altar of Gozag.
    86 | D        | Found a sacrificial altar of Ru.
    90 | D        | Became a worshipper of Cheibriados the Contemplative
   114 | D        | Noticed a hill giant
   114 | D        | Noticed a worker ant
   114 | D        | Noticed a worker ant
   114 | D        | Noticed a hill giant
   118 | D        | Mangled by a hill giant

Action                   || total
-------------------------++-------
Melee: Unarmed           ||    31
  Eat: Chunk             ||     6
